 Dungeon Crawl Stone Soup version 0.25.0-1-g7eea58d (webtiles) character file.

Game seed: 8759761286651894580

343 tboon the Shield-Bearer (level 6, 0/39 HPs)
             Began as a Gargoyle Fighter on June 14, 2020.
             Slain by a centaur (6 damage)
             ... on level 4 of the Dungeon.
             The game lasted 00:11:17 (3718 turns).

tboon the Shield-Bearer (Gargoyle Fighter)          Turns: 3718, Time: 00:11:17

Health: 0/39       AC: 11    Str: 22    XL:     6   Next: 57%
Magic:  6/6        EV:  7    Int:  8    God:
Gold:   100        SH:  9    Dex:  9    Spells: 5/5 levels left

rFire    + . .     SeeInvis .   a - +0 flail
rCold    . . .     Gourm    .   c - +0 kite shield
rNeg     + . .     Faith    .   b - +0 scale mail
rPois    ∞         Spirit   .   (no helmet)
rElec    +         Reflect  .   (no cloak)
rCorr    .         Harm     .   (no gloves)
MR       .....                  (no boots)
Stlth    +.........             (no amulet)
HPRegen  0.13/turn              B - ring of stealth {Stlth+}
MPRegen  0.10/turn              i - ring of protection from fire {rF+, !d}

@: no status effects
A: negative energy resistance 1, electricity resistance, unbreathing,
petrification resistance, rot immunity, AC +4
a: no special abilities


You were on level 4 of the Dungeon.
You were not hungry.

You visited 1 branch of the dungeon, and saw 4 of its levels.

You collected 100 gold pieces.

Inventory:

Hand Weapons
 a - a +0 flail (weapon)
 p - a +2 vorpal mace
   (You found it on level 1 of the Dungeon)
Missiles
 w - 3 silver javelins (quivered)
Armour
 b - a +0 scale mail (worn)
 c - a +0 kite shield (worn)
 A - a +0 chain mail
   (You found it on level 3 of the Dungeon)
 D - a +0 helmet
   (You found it on level 3 of the Dungeon)
Jewellery
 i - a ring of protection from fire (right hand) {rF+, !d}
   (You found it on level 1 of the Dungeon)
 q - an uncursed amulet of the acrobat
   (You found it on level 2 of the Dungeon)
 B - a ring of stealth (left hand) {Stlth+}
   (You found it on level 3 of the Dungeon)
 C - an uncursed amulet of magic regeneration
   (You found it on level 3 of the Dungeon)
Scrolls
 h - 2 scrolls of magic mapping {!r}
 k - 3 scrolls of remove curse {unknown}
 l - 2 scrolls of teleportation
 o - a scroll of enchant weapon
 s - a scroll of enchant armour {unknown}
 y - a scroll of fog {unknown}
 z - a scroll of random uselessness {unknown}
Potions
 d - 2 potions of might
 e - 3 potions of curing
 g - 2 potions of lignification {unknown}
 j - a potion of brilliance {unknown}
 n - a potion of experience {unknown}
 t - 2 potions of berserk rage {!q}
 u - 2 potions of ambrosia
 x - a potion of flight {unknown}
Comestibles
 f - 5 rations
 m - a chunk of flesh


   Skills:
 + Level 4.5 Fighting
 * Level 4.5 Maces & Flails
 + Level 4.4 Armour
 + Level 4.5 Shields


You had 5 spell levels left.
You didn't know any spells.
Your spell library was empty.

Dungeon Overview and Level Annotations

Branches:
Dungeon (4/15)
 Temple: D:4-7

Altars:

Annotations:
D:2 1 runed translucent door, Crazy Yiuf


Innate Abilities, Weirdness & Mutations

You are resistant to torment.
Your stone body is resilient. (AC +4)
You are immune to poison.
You resist negative energy. (rN+)
You are resistant to electric shocks. (rElec)
You can survive without breathing.
You are immune to petrification.
You are immune to rotting.


Message History

As you read the scroll of identify, it crumbles to dust.
u - 2 potions of ambrosia
As you read the scroll of identify, it crumbles to dust.
o - a scroll of enchant weapon
As you read the scroll of identify, it crumbles to dust.
t - 2 potions of berserk rage Drop what? 28/52 slots (_ for help) (? for menu, Esc to quit)
You drop 3 potions of stabbing.
B - a ring of stealth (left hand)
i - a ring of protection from fire (right hand)
As you read the scroll labeled BILIVE COIMN, it crumbles to dust.
You feel strangely unstable.
It was a scroll of teleportation.
You climb upwards.
There is a stone staircase leading down here.
As you read the scroll labeled TUELAQ VYEG, it crumbles to dust.
You feel momentarily disoriented.
It was a scroll of magic mapping.
Okay, then.
Your surroundings suddenly seem different.
HP restored.
Things that are here:
a +0 club; a cursed -3 flail
There is a stone staircase leading down here.
You climb downwards.
You hear the hiss of flowing sand.
There is an entrance to an ossuary on this level.
Hurry and find it before the portal is buried!
You hear the slow hiss of a very distant avalanche of sand.
There is a stone staircase leading up here.
You see here 3 potions of stabbing.
You open the door.
A giant cockroach comes into view.
There is an open door here.
There is an open door here.
You block the giant cockroach's attack.
You sock the giant cockroach!
You kill the giant cockroach!
You see here a giant cockroach corpse.
You butcher the giant cockroach corpse.
m - a chunk of flesh
There is an open door here.
An orc comes into view.
The orc shouts!
An orc priest comes into view.
It is wielding a +0 dagger and wearing a +2 scale mail of magic resistance.
You sock the orc!
You kill the orc!
You see here an orc corpse.
You hit the orc priest.
The orc priest is moderately wounded.
The orc priest hits you but does no damage.
An orc comes into view. It is wielding a +0 whip.
You closely miss the orc priest.
The orc priest is moderately wounded.
The orc priest hits you but does no damage.
You barely miss the orc priest.
The orc priest is moderately wounded.
The centaur shoots an arrow.
The arrow hits you but does no damage.
The orc priest hits you but does no damage.
You block the orc priest's attack.
You hit the orc priest but do no damage.
The orc priest is moderately wounded.
The centaur shoots an arrow.
The arrow hits you!
The orc priest hits you but does no damage.
The centaur shoots an arrow.
You block the arrow.
You barely miss the orc priest.
The orc priest is moderately wounded.
The centaur shoots an arrow.
The arrow hits you but does no damage.
You hit the orc.
The orc is severely wounded.
The orc priest calls upon Beogh to heal the orc.
The orc is healed somewhat.
The centaur shoots an arrow.
The arrow hits you. The orc hits you but does no damage.
You hear a shout!
You sock the orc!
You kill the orc!
The centaur shoots an arrow.
You block the arrow.
The centaur shoots an arrow.
The arrow hits you!
You closely miss the orc priest.
The orc priest is moderately wounded.
The orc priest hits you but does no damage.
The centaur shoots an arrow.
You block the arrow.
The orc priest hits you but does no damage.
An orc comes into view. It is wielding a -3 club.
You sock the orc priest!
You kill the orc priest!
The centaur shoots an arrow.
The arrow hits you.
The centaur shoots an arrow.
You block the arrow.
You thump the orc!
You kill the orc!
The centaur shoots an arrow.
The arrow hits you.
The centaur shoots an arrow.
The arrow hits you.
* * * LOW HITPOINT WARNING * * *
You see here an arrow.
The centaur shoots an arrow.
The arrow hits you but does no damage.
The centaur shoots an arrow.
The arrow hits you.
* * * LOW HITPOINT WARNING * * *
You see here an arrow.
The centaur unwields a +0 shortbow.
You block the centaur's attack.
You sock the centaur!
The centaur is heavily wounded.
The centaur hits you.
You die...

# #.. #...
###...#############
......)(((@c......#
........†.........#
..................#
..................+
..................#
##....##...####+###
..########'#####
...............#
..............<#


You could see a centaur.

Vanquished Creatures
  An ogre (D:3)
  2 orc priests
  8 gnolls
  2 adders (D:2)
  A shadow imp (D:2)
  3 worms
  A leopard gecko (D:2)
  9 orcs
  4 giant cockroaches
  8 goblins
  5 hobgoblins
  4 jackals (D:2)
  11 kobolds
  4 quokkas
  11 bats
  4 frilled lizards
  8 rats
86 creatures vanquished.

Notes
Turn   | Place    | Note
-------+----------+-------------------------------------------
     0 | D:1      | tboon the Gargoyle Fighter began the quest for the Orb.
     0 | D:1      | Reached XP level 1. HP: 14/14 MP: 1/1
   155 | D:1      | Reached XP level 2. HP: 19/19 MP: 2/2
  1151 | D:2      | Reached XP level 3. HP: 20/23 MP: 3/3
  1392 | D:2      | Reached skill level 3 in Maces & Flails
  1440 | D:2      | Reached XP level 4. HP: 29/29 MP: 4/4
  1731 | D:2      | Found a runed translucent door.
  1732 | D:2      | Noticed Crazy Yiuf
  2282 | D:2      | Reached skill level 4 in Shields
  2282 | D:2      | Reached XP level 5. HP: 24/33 MP: 5/5
  2364 | D:2      | Reached skill level 4 in Fighting
  2386 | D:2      | Reached skill level 4 in Armour
  2744 | D:3      | Reached skill level 4 in Maces & Flails
  2937 | D:3      | Reached XP level 6. HP: 38/38 MP: 6/6
  3715 | D:4      | HP: 8/39 [centaur/arrow (6)]
  3718 | D:4      | Slain by a centaur

Illustrated notes

Levels and vault maps discovered:
D:1:      tarquinn_simple_flora_water_e, layout_loops_cross
D:2:      layout_loops_ring, first_ration, uniq_crazy_yiuf_cottage
D:3:      layout_basic
D:4:      layout_gridville, enter_ossuary_4

Skill      XL: |  1  2  3  4  5 |
---------------+----------------+-----
Maces & Flails | 3 4 |  4.5
Shields        | 4 |  4.5
Fighting       | 4 |  4.5
Armour         | 4 |  4.4

Action                   |  1- 3 |  4- 6 || total
-------------------------+-------+-------++-------
Melee: Flail             |   212 |   188 ||   400
Throw: Javelin           |     2 |     7 ||     9
  Use: Scroll            |       |     9 ||     9
  Eat: Chunk             |     2 |     6 ||     8
       Ration            |       |     1 ||     1
Armor: Scale mail        |   136 |    89 ||   225
Dodge: Dodged            |    68 |    52 ||   120
Block: Kite shield       |   114 |    80 ||   194

Levels and vault maps discovered:
D:1:      tarquinn_simple_flora_water_e, layout_loops_cross
D:2:      layout_loops_ring, first_ration, uniq_crazy_yiuf_cottage
D:3:      layout_basic
D:4:      layout_gridville, enter_ossuary_4

Table legend:
 A = Turns spent in this place as a percentage of turns spent in the entire game.
 B = Non-inter-level travel turns spent in this place as a percentage of non-inter-level travel turns spent in the entire game.
 C = Inter-level travel turns spent in this place as a percentage of turns spent in this place.
 D = Turns resting spent in this place as a percentage of non-inter-level travel turns spent in this place.
 E = Turns spent auto-exploring this place as a percentage of non-inter-level travel turns spent in this place.
 F = Non-inter-level travel turns spent in this place divided by the number of levels of this place that you've seen.
                   A       B       C       D       E      F
               +-------+-------+-------+-------+-------+----------------------
         Total | 100.0 | 100.0 |   6.2 |  24.8 |  44.5 | 871.5
       Dungeon | 100.0 | 100.0 |   6.2 |  24.8 |  44.5 | 871.5
               +-------+-------+-------+-------+-------+----------------------

Table legend:
 A = Kills in this place as a percentage of kills in entire the game.
 B = Kills by you in this place as a percentage of kills by you in the entire game.
 C = Kills by friends in this place as a percentage of kills by friends in the entire game.
 D = Other kills in this place as a percentage of other kills in the entire game.
 E = Experience gained in this place as a percentage of experience gained in the entire game.
 F = Experience gained in this place divided by the number of levels of this place that you have seen.
                   A       B       C       D       E      F
               +-------+-------+-------+-------+-------+----------------------
         Total | 100.0 | 100.0 |   N/A |   N/A | 100.0 | 122.5
       Dungeon | 100.0 | 100.0 |   N/A |   N/A | 100.0 | 122.5
               +-------+-------+-------+-------+-------+----------------------
